 Dungeon Crawl Stone Soup version 0.30.0-10-gfe55d96785 (webtiles) character file.

Game seed: 16650453738882213244

8255 unlimited1921 the Thaumaturge (level 11, -29/72 HPs)
             Began as a Djinni Fire Elementalist on May 15, 2023.
             Was a Believer of Makhleb.
             Annihilated by a boulder beetle (44 damage)
             ... on level 12 of the Dungeon.
             The game lasted 01:02:18 (15371 turns).

unlimited1921 the Thaumaturge (DjFE)               Turns: 15371, Time: 01:02:22

Health: -29/72     AC: 13    Str:  9    XL:     11   Next: 52%
Gold:   272        EV: 10    Int: 24    God:    Makhleb [**....] SH:  8 Dex: 15

rFire   + + .        e - +8 demon trident of Yczin {drain, Fragile Str+2 Int+4 SInv}
rCold   x . .        z - +0 kite shield
rNeg    . . .        m - +0 leather armour
rPois   ∞            (no helmet)
rElec   .            R - +0 cloak
rCorr   .            F - +0 pair of gloves
SInv    +            (boots unavailable)
Will    +....        H - amulet of regeneration
Stlth   +++          r - +4 ring of protection
HPRegen 1.12/turn    J - +4 ring of protection
MPRegen 0.00/turn

%: infuse magic (-30 HP)
@: flying
A: sickness immunity, fire resistance 2, cold vulnerability 1, float, innate
caster, HP casting, extra vitality 1
a: Renounce Religion, Minor Destruction


You were on level 12 of the Dungeon.
You worshipped Makhleb.
Makhleb was pleased with you.
You visited 2 branches of the dungeon, and saw 13 of its levels.

You collected 766 gold pieces.
You spent 494 gold pieces at shops.

Inventory:

Hand Weapons
 e - the +8 demon trident of Yczin (weapon) {drain, Fragile Str+2 Int+4 SInv}
   (You acquired it on level 3 of the Dungeon)

   Str:       It affects your strength (+2).
   Int:       It affects your intelligence (+4).
   SInv:      It lets you see invisible.
   Fragile:   It will be destroyed if unequipped.
 D - the +2 spear of Objectivity {venom, rPois Str-4 Int+5 Stlth+}
   (You found it on level 5 of the Dungeon)

   Str:       It affects your strength (-4).
   Int:       It affects your intelligence (+5).
   rPois:     It protects you from poison.
   Stlth:     It makes you more stealthy.
 N - a +0 trident of protection
 S - a +0 triple crossbow
Missiles
 b - 9 javelins
 c - 17 poisoned darts
 B - 6 silver boomerangs
 K - a boomerang
Armour
 a - a +0 robe
 m - a +0 leather armour (worn)
 y - a +0 scale mail of cold resistance
 z - a +0 kite shield (worn)
 E - a +0 tower shield
 F - a +0 pair of gloves (worn)
 R - a +0 cloak (worn)
Jewellery
 r - a +4 ring of protection (left hand)
 H - an amulet of regeneration (around neck)
 I - a ring of see invisible
 J - a +4 ring of protection (right hand)
Wands
 O - a wand of polymorph (1)
 Q - a wand of flame (9)
Scrolls
 f - 2 scrolls of vulnerability {unknown}
 h - 4 scrolls of immolation {unknown}
 i - 11 scrolls of enchant armour
 j - a scroll of torment {unknown}
 l - a scroll of teleportation
 p - 2 scrolls of fear
 t - a scroll of blinking
 u - 6 scrolls of magic mapping {unknown}
 G - 2 scrolls of summoning
 L - a scroll of poison
 M - a scroll of silence
Potions
 d - 5 potions of might
 g - 6 potions of curing {unknown}
 k - 2 potions of cancellation
 n - 2 potions of berserk rage
 o - 2 potions of ambrosia
 q - 2 potions of haste
 v - 2 potions of heal wounds
 x - a potion of resistance
 C - 4 potions of mutation {unknown}
 P - a potion of brilliance
Miscellaneous
 A - a piece from Xom's chessboard (15/15)


   Skills:
 + Level 3.7 Fighting
 + Level 5.9 Polearms
 + Level 4.8 Dodging
 + Level 5.5 Stealth
 * Level 2.4 Shields
 * Level 10.4 Spellcasting


You knew the following spells:

 Your Spells              Type           Power      Damage    Failure   Level
a - Foxfire               Conj/Fire      100%       2x1d9     1%          1
b - Scorch                Fire           100%       2d9       1%          2
c - Volatile Blastmotes   Fire/Tloc      100%       2d18      1%          3
d - Inner Flame           Hex/Fire       58%        N/A       1%          3
e - Flame Wave            Conj/Fire      58%        2d14      4%          4
f - Shock                 Conj/Air       100%       1d9       1%          1
g - Searing Ray           Conj           100%       2d8       1%          2
h - Teleport Other        Tloc           58%        N/A       1%          3
i - Hailstorm             Conj/Ice       58%        3d13      1%          3
j - Manifold Assault      Tloc           58%        N/A       4%          4
Your spell library was empty.

Dungeon Overview and Level Annotations

Branches:
Dungeon (12/15)            Temple (1/1) D:6             Orc (0/2) D:9
   Lair: D:8-11

Altars:
Ashenzari
Cheibriados
Dithmenos
Elyvilon
Fedhas
Gozag
Hepliaklqana
Makhleb
Nemelex Xobeh
Okawaru
Qazlal
Ru
Trog
Uskayaw
Wu Jian
Xom
Yredelemnul
Zin
The Shining One

Shops:
D:1 [   D:6 ?   D:9 ?


Innate Abilities, Weirdness & Mutations

You are immune to sickness and miasma.
You are immune to poison.
Your flesh is very heat resistant. (rF++)
You are vulnerable to cold. (rC-)
You float through the air rather than walking.
You learn spells naturally, not from books.
Your magical power is your life essence.
You have superior vitality. (+4 MHP)


Message History

The centaur wields a +0 shortbow.
The centaur shoots an arrow.
The arrow barely misses you.
The boulder beetle is engulfed in blazing flames.
Flame seeps out of the boulder beetle.
The centaur shoots an arrow.
You block the arrow.
The cloud of blastmotes explodes!
The concussive blast engulfs the boulder beetle but does no damage.
The boulder beetle is almost dead.
The concussive blast engulfs you. You resist.
Casting: Volatile Blastmotes (safe; 1% risk of failure)
Confirm with . or Enter, or press ? or * to list all spells.
A cloud of volatile blastmotes flares up around you!
A centaur comes into view.
The centaur shoots an arrow.
The arrow barely misses you. You block the boulder beetle's attack.
The boulder beetle attacks as you move away!
The boulder beetle bites you!
Found a potion of heal wounds.
The centaur shoots an arrow.
The arrow hits you.
The centaur shoots an arrow.
The arrow hits you.
The cloud of blastmotes explodes!
The concussive blast engulfs the boulder beetle but does no damage.
The boulder beetle is severely wounded.
The concussive blast engulfs you. You resist.
* * * LOW HITPOINT WARNING * * *
You are knocked back by the blast.
Casting: Volatile Blastmotes (safe; 1% risk of failure)
Confirm with . or Enter, or press ? or * to list all spells.
A cloud of volatile blastmotes flares up around you!
* * * LOW HITPOINT WARNING * * *
The boulder beetle curls into a ball and begins rolling!
The cloud of blastmotes explodes!
The concussive blast engulfs the boulder beetle.
Flame seeps out of the boulder beetle.
The boulder beetle is almost dead.
Casting: Volatile Blastmotes (safe; 1% risk of failure)
Confirm with . or Enter, or press ? or * to list all spells.
A cloud of volatile blastmotes flares up around you!
* * * LOW HITPOINT WARNING * * *
The boulder beetle hits you!!!
Ouch! That really hurt!
You die...

##.## .... #... #!.#
#..# #..# ## #####
#(.# >. .. ..# #@.#
B###.###.####B.# ...
#.......○.# #○#
#.#.####c#######
#.###.#.####..|..cc.
#...<........#######
#####.#.######
#.#... #.#####


You could see a boulder beetle (rolling, inner flame) and a centaur.

Vanquished Creatures
  2 kobold demonologists
  An unseen horror (D:10)
  A troll (D:10)
  The ghost of GigaChad the Shield-Bearer, an amateur FoFi (D:4)
  A shadow (D:10)
  2 wyverns
  15 yaks
  Edmund (D:5)
  A water moccasin (D:5)
  An acid dragon (D:9)
  2 sky beasts (D:7)
  An ice beast (D:5)
  2 black bears
  5 orc warriors
  3 centaurs
  An ogre (D:6)
  3 kobold brigands
  4 phantoms
  3 bullfrogs
  A gnoll sergeant (D:9)
  6 scorpions
  4 wights (D:8)
  6 killer bees (D:9)
  4 howler monkeys (D:8)
  A centaur zombie (D:4)
  2 hounds (D:5)
  8 orc priests
  A jelly (D:6)
  A sleepcap (D:7)
  3 iguanas
  9 orc wizards
  A mummy (D:4)
  A howler monkey zombie (D:4)
  3 gnolls (D:9)
  11 adders
  A shadow imp (D:6)
  A white imp (D:5)
  An ufetubus (D:5)
  2 worms
  3 dart slugs
  49 orcs
  8 bats
  6 endoplasms
  4 giant cockroaches
  13 goblins
  16 hobgoblins
  6 jackals
  21 kobolds
  7 quokkas
  8 ball pythons
  6 frilled lizards
  7 rats
271 creatures vanquished.

Vanquished Creatures (others)
  405 foxfires
405 creatures vanquished.

Grand Total: 676 creatures vanquished

Notes
Turn   | Place    | Note
-------+----------+-------------------------------------------
     0 | D:1      | unlimited1921 the Djinni Fire Elementalist began the quest
                  | for the Orb.
     0 | D:1      | unlimited1921 set off with the following spells memorised:
                  | Foxfire, Scorch, Volatile Blastmotes, Inner Flame, Flame
                  | Wave.
     0 | D:1      | Reached XP level 1. HP: 15/15 MP: 0/0
   554 | D:1      | Reached XP level 2. HP: 19/21 MP: 0/0
  2030 | D:1      | Reached skill level 3 in Spellcasting
  2052 | D:1      | Reached XP level 3. HP: 21/25 MP: 0/0
  2052 | D:1      | Learned a level 1 spell: Shock
  2179 | D:1      | Found Nejat's Antique Armour Emporium.
  3838 | D:2      | Reached XP level 4. HP: 28/31 MP: 0/0
  5006 | D:2      | Reached XP level 5. HP: 34/35 MP: 0/0
  5006 | D:2      | Learned a level 2 spell: Searing Ray
  5050 | D:2      | You are sucked into a shaft and drop 1 floor!
  5396 | D:3      | Reached skill level 4 in Spellcasting
  6581 | D:3      | Identified a scroll of acquirement
  6582 | D:3      | Acquired the +8 demon trident of Yczin {drain, Fragile
                  | Str+2 Int+4 SInv}
  6616 | D:4      | Found a transporter.
  6616 | D:4      | Noticed GigaChad's ghost (amateur FoFi)
  6721 | D:4      | Reached XP level 6. HP: 35/40 MP: 0/0
  6961 | D:4      | Noticed a black bear
  6965 | D:4      | Killed a black bear
  7198 | D:4      | Found a transporter.
  7314 | D:4      | Reached skill level 1 in Polearms
  7371 | D:4      | Reached skill level 1 in Fighting
  7371 | D:4      | Reached XP level 7. HP: 42/47 MP: 0/0
  7371 | D:4      | Learned a level 3 spell: Teleport Other
  7860 | D:4      | Killed GigaChad's ghost
  8189 | D:5      | Entered Level 5 of the Dungeon
  8225 | D:5      | Reached XP level 8. HP: 54/54 MP: 0/0
  8233 | D:5      | Reached skill level 5 in Spellcasting
  8237 | D:5      | Noticed a kobold demonologist
  8241 | D:5      | Noticed a ynoxinul
  8244 | D:5      | Noticed a smoke demon
  8244 | D:5      | Noticed Edmund
  8251 | D:5      | Killed a kobold demonologist
  8259 | D:5      | Killed Edmund
  8463 | D:5      | Reached XP level 9. HP: 32/59 MP: 0/0
  8463 | D:5      | Learned a level 3 spell: Hailstorm
  9013 | D:5      | Reached skill level 5 in Stealth
  9204 | D:5      | Found a glowing golden altar of the Shining One.
  9433 | D:5      | Identified the +2 spear of Objectivity {venom, rPois Str-4
                  | Int+5 Stlth+}
  9691 | D:5      | Found a blossoming altar of Fedhas.
  9720 | D:5      | Found a hide-covered altar of Uskayaw.
 10218 | D:6      | Found an iron altar of Okawaru.
 10321 | D:6      | Reached skill level 6 in Spellcasting
 10380 | D:6      | Found a staircase to the Ecumenical Temple.
 10415 | Temple   | Entered the Ecumenical Temple
 10468 | Temple   | Became a worshipper of Makhleb the Destroyer
 10606 | D:6      | Found Sanytin's Magic Scroll Emporium.
 10614 | D:6      | Bought a scroll of identify for 26 gold pieces
 10614 | D:6      | Bought a scroll of identify for 26 gold pieces
 10614 | D:6      | Bought a scroll of summoning for 123 gold pieces
 10614 | D:6      | Bought a scroll of summoning for 123 gold pieces
 10816 | D:7      | Found a basalt altar of Yredelemnul.
 10886 | D:6      | Bought a scroll of identify for 26 gold pieces
 10938 | D:7      | Reached skill level 5 in Polearms
 11537 | D:7      | Reached XP level 10. HP: 67/67 MP: 0/0
 12290 | D:7      | Found a shadowy altar of Dithmenos.
 12328 | D:8      | Reached skill level 7 in Spellcasting
 12696 | D:8      | Reached skill level 8 in Spellcasting
 12713 | D:8      | Reached * piety under Makhleb
 13255 | D:9      | Found Meilot's Magic Scroll Emporium.
 13259 | D:9      | Bought a scroll of identify for 22 gold pieces
 13259 | D:9      | Bought a scroll of poison for 44 gold pieces
 13259 | D:9      | Bought a scroll of identify for 22 gold pieces
 13564 | D:9      | Reached skill level 9 in Spellcasting
 13570 | D:9      | Reached XP level 11. HP: 69/71 MP: 0/0
 13570 | D:9      | Learned a level 4 spell: Manifold Assault
 13759 | D:9      | Bought a scroll of enchant armour for 82 gold pieces
 13820 | D:9      | Reached ** piety under Makhleb
 13940 | D:9      | Reached skill level 1 in Shields
 13986 | D:9      | Found a staircase to the Orcish Mines.
 14260 | D:10     | Entered Level 10 of the Dungeon
 14586 | D:10     | Reached skill level 10 in Spellcasting
 15347 | D:12     | Noticed a boulder beetle
 15371 | D:12     | Annihilated by a boulder beetle

Illustrated notes

Levels and vault maps discovered:
D:1:      onia_arrival_handbag, layout_basic, serial_shops, shop
D:2:      minmay_skewed_foursquare, layout_basic
D:3:      layout_loops_ring, kennysheep_minor_cross
D:4:      layout_gridville, gammafunk_ghost_mausoleum, minivault_1
D:5:      corexii_shack_village, layout_loops_ring,
          nicolae_tso_swordbearing_angel, minitemple, minmay_checkerbox,
          uniq_edmund
D:6:      layout_cave_pools, okawaru_ov_weapons_minmay,
          minmay_temple_entry_junction, serial_shops, shop
D:7:      layout_loops_ring, grunt_dithmenos_shadows, general_overflow_altar
D:8:      layout_rooms, kiku_gazebo_garden_becter
D:9:      layout_roguey, hiddenorc2_lemuel, serial_shops, nicolae_shop_rolled_up
D:10:     layout_rooms, serial_rivers, chequers_serial_rivers_micro_d,
          chequers_serial_rivers_large_b, chequers_serial_rivers_small_3,
          chequers_serial_rivers_small_3, dreamdust_wishing_well,
          lemuel_flamethrower_1
D:11:     layout_long_grid, lair_entry_dummy
D:12:     layout_loops_ring, ebering_ghost_disaster_area
Temple:   eino_wide_crystal_templ

Skill      XL: |  1  2  3  4  5  6  7  8  9 10 11 |
---------------+----------------------------------+-----
Spellcasting   | 3 4 5 6 9 10 | 10.4
Stealth        | 2 3 4 5 |  5.5
Polearms       | 1 2 3 5 |  5.9
Fighting       | 1 2 3 |  3.7
Dodging        | 3 4 |  4.8
Shields        | 2 |  2.4

Action                     |  1- 3 |  4- 6 |  7- 9 | 10-12 || total
---------------------------+-------+-------+-------+-------++-------
  Melee: Demon trident     |       |    28 |   109 |   111 ||   248
         Punch             |       |       |     1 |       ||     1
   Cast: Foxfire           |    75 |    49 |    27 |   106 ||   257
         Scorch            |     2 |    17 |    13 |    16 ||    48
         Volatile Blastmot |       |    13 |    15 |    10 ||    38
         Shock             |       |     5 |     6 |     8 ||    19
         Inner Flame       |       |     2 |    17 |    51 ||    70
         Teleport Other    |       |       |     3 |       ||     3
         Hailstorm         |       |       |     6 |     9 ||    15
         Manifold Assault  |       |       |       |    48 ||    48
         Flame Wave        |       |       |       |     1 ||     1
    Use: Scroll            |       |     5 |     5 |     7 ||    17
   Stab: Sleeping          |       |     5 |    12 |       ||    17
         Distracted        |       |     1 |     2 |       ||     3
 Armour: Robe              |     2 |    11 |    60 |    22 ||    95
  Dodge: Dodged            |     6 |    28 |    83 |    47 ||   164
  Block: Buckler           |       |       |       |     3 ||     3
         Kite shield       |       |       |       |    23 ||    23
